 Dungeon Crawl Stone Soup version 0.24.1-8-ga250c9d538 (webtiles) character file.

Game seed: 15886025290088423761, levelgen mode: deterministic

58 raph the Magician (level 4, 0/30 HPs)
             Began as a Human Wizard on May 1, 2020.
             Slain by a scorpion (7 damage)
             ... on level 4 of the Dungeon.
             The game lasted 00:06:21 (2776 turns).

raph the Magician (Human Wizard)                    Turns: 2776, Time: 00:06:22

Health: 0/30       AC:  6    Str:  8    XL:     4   Next: 21%
Magic:  1/9        EV: 12    Int: 19    God:
Gold:   114        SH:  0    Dex: 11    Spells: 1/9 levels left

rFire    . . .     SeeInvis .   g - -2 short sword (curse)
rCold    . . .     Gourm    .   (no shield)
rNeg     . . .     Faith    .   a - +0 robe
rPois    .         Spirit   .   b - +2 hat
rElec    .         Reflect  .   k - +1 cloak
rCorr    .         Harm     .   (no gloves)
MR       .....                  (no boots)
Stlth    ++........             (no amulet)
HPRegen  0.10/turn              (no ring)
MPRegen  0.11/turn              (no ring)

@: lethally poisoned (0 -> -9), very slightly contaminated
A: no striking features
a: no special abilities


You were on level 4 of the Dungeon.
You were not hungry.

You visited 1 branch of the dungeon, and saw 4 of its levels.

You collected 114 gold pieces.

Inventory:

Hand Weapons
 g - a cursed -2 short sword (weapon)
Armour
 a - a +0 robe (worn)
 b - a +2 hat (worn)
 k - a +1 cloak (worn)
Wands
 c - a wand of flame (16)
Scrolls
 f - a scroll of blinking {unknown}
 l - a scroll of teleportation
Potions
 e - 3 potions of agility
 h - a potion of lignification {unknown}
 i - 3 potions of berserk rage {unknown}
 j - a potion of curing {unknown}
Comestibles
 d - 2 rations


   Skills:
 - Level 2.2 Dodging
 - Level 2.2 Stealth
 + Level 3.4 Spellcasting
 * Level 2.8 Conjurations
 - Level 1.0 Summonings
 - Level 1.0 Translocations


You had one spell level left.
You knew the following spells:

 Your Spells              Type           Power        Failure   Level  Hunger
a - Magic Dart            Conj           ##..         4%          1    None
b - Blink                 Tloc           N/A          14%         2    ##.....
c - Call Imp              Summ           #.......     14%         2    ##.....
d - Conjure Flame         Conj/Fire      #.......     24%         3    ###....

Your spell library contained the following spells:

 Spells                   Type           Power        Failure   Level  Hunger
 Slow                     Hex            #.......     22%         2    ##.....
 Mephitic Cloud           Conj/Pois/Air  #.......     30%         3    ###....


Dungeon Overview and Level Annotations

Branches:
Dungeon (4/15)
 Temple: D:4-7

Altars:
Hepliaklqana

Annotations:
D:2 Robin


Message History

Casting: Magic Dart (safe; 4% risk of failure)
Confirm with . or Enter, or press ? or * to list all spells.
Aiming: Magic Dart (safe; 4% risk of failure)
Press: ? - help, Shift-Dir - straight line, f/p - scorpion
Aim: a scorpion (heavily wounded)
The magic dart hits the scorpion but does no damage.
The scorpion is heavily wounded.
You feel sick. The scorpion misses you.
You hit the scorpion but do no damage.
The scorpion is heavily wounded.
You feel sick. The scorpion stings you!
* * * LOW HITPOINT WARNING * * *
Casting: Magic Dart (safe; 4% risk of failure)
Confirm with . or Enter, or press ? or * to list all spells.
You miscast Call Imp.
You are very lightly contaminated with residual magic.
Shadowy shapes form in the air around you, then vanish.
* * * LOW HITPOINT WARNING * * *
You feel sick. The scorpion stings you!
You die...

........#
.......#
#......#
#$.....#
#......#
#......#
#......#
#...@..#
#....s.#
#....###
#....#
###+##


You could see a scorpion.

Vanquished Creatures
  A dart slug (D:2)
  A leopard gecko (D:2)
  A giant cockroach (D:1)
  6 goblins
  9 hobgoblins
  5 kobolds
  A quokka (D:2)
  2 ball pythons (D:1)
  8 bats
  3 frilled lizards
  2 rats (D:1)
39 creatures vanquished.

Vanquished Creatures (collateral kills)
  3 worms
  An orc (D:3)
  A giant cockroach (D:3)
  A hobgoblin (D:3)
  A bat (D:3)
  A rat (D:3)
8 creatures vanquished.

Grand Total: 47 creatures vanquished

Notes
Turn   | Place    | Note
-------+----------+-------------------------------------------
     0 | D:1      | raph the Human Wizard began the quest for the Orb.
     0 | D:1      | Reached XP level 1. HP: 13/13 MP: 4/4
   302 | D:1      | Reached XP level 2. HP: 13/19 MP: 0/6
   400 | D:1      | Learned a level 2 spell: Blink
   403 | D:1      | Learned a level 2 spell: Call Imp
  1103 | D:1      | Reached XP level 3. HP: 24/24 MP: 4/7
  1254 | D:1      | Learned a level 3 spell: Conjure Flame
  1715 | D:2      | Found a hazy altar of Hepliaklqana.
  2229 | D:2      | Noticed Robin
  2261 | D:3      | Reached XP level 4. HP: 30/30 MP: 0/9
  2639 | D:3      | Noticed a hungry ghost
  2776 | D:4      | Slain by a scorpion

Levels and vault maps discovered:
D:1:      giann_bridges, layout_basic
D:2:      layout_basic, old_standard_altar, lemuel_round_altar, first_ration,
          uniq_robin
D:3:      layout_rooms
D:4:      layout_basic, kennysheep_little_box, nicolae_qazlal_eye_of_the_storm,
          gammafunk_temple_overflow_wave

Skill      XL: |  1  2  3 |
---------------+----------+-----
Conjurations   | 2 |  2.8
Dodging        | |  2.2
Stealth        | |  2.2
Spellcasting   | |  3.4
Summonings     | |  1.0
Translocations | |  1.0

Action                   |  1- 3 |  4- 6 || total
-------------------------+-------+-------++-------
Melee: Short sword       |    19 |    16 ||    35
 Cast: Magic Dart        |    91 |    18 ||   109
       Call Imp          |     3 |     1 ||     4
       Blink             |       |     1 ||     1
  Use: Scroll            |     7 |       ||     7
 Stab: Sleeping          |     1 |     1 ||     2
  Eat: Chunk             |     4 |     1 ||     5
       Ration            |       |     1 ||     1
Armor: Robe              |    15 |    11 ||    26
Dodge: Dodged            |    43 |    18 ||    61
